 Dungeon Crawl Stone Soup version 0.30.2 (webtiles) character file.

Game seed: 18386282959184461963

62 porpoise the Caller (level 3, -5/14 HPs)
             Began as a Felid Summoner on Feb 15, 2024.
             Slain by Grinder (7 damage)
             ... on level 3 of the Dungeon.
             The game lasted 00:11:38 (2208 turns).

porpoise the Caller (Felid Summoner)                Turns: 2208, Time: 00:11:44

Health: -5/14      AC:  1    Str:  4    XL:     3   Next: 85%
Magic:  1/7        EV: 18    Int: 18    God:
Gold:   128        SH:  0    Dex: 16    Spells: 1/7 levels left
                                        Lives:  0   Deaths: 0

rFire   . . .        (weapon unavailable)
rCold   . . .        (shield unavailable)
rNeg    . . .        (body armour unavailable)
rPois   .            (helmet unavailable)
rElec   .            (cloak unavailable)
rCorr   .            (gloves unavailable)
SInv    +            (boots unavailable)
Will    +....        (no amulet)
Stlth   +++          o - ring of willpower
HPRegen 0.22/turn    (no ring)
MPRegen 0.10/turn

%: no passive effects
@: quick
A: very small, claws 1, fangs 3, see invisible, speed 1, shaggy fur 1, stealthy
paws, no weapons or thrown items, no armour, multi-lived
a: no special abilities


You were on level 3 of the Dungeon.
You visited 1 branch of the dungeon, and saw 3 of its levels.

You collected 128 gold pieces.

Inventory:

Jewellery
 j - a ring of fire
 k - a ring of ice
 o - a ring of willpower (left paw)
Scrolls
 b - a scroll of butterflies {unknown}
 c - a scroll of torment
 e - a scroll of noise {unknown}
 m - a scroll of enchant armour {unknown}
 n - a scroll of poison {unknown}
Potions
 a - a potion of magic
 d - 2 potions of attraction {unknown}
 f - a potion of heal wounds {unknown}
 g - a potion of invisibility {unknown}
 h - a potion of ambrosia {unknown}
 i - 4 potions of curing {unknown}
 l - a potion of brilliance {unknown}


   Skills:
 + Level 3.5 Dodging
 + Level 3.8 Stealth
 * Level 2.5 Spellcasting
 * Level 4.4 Summonings


You had one spell level left.
You knew the following spells:

 Your Spells              Type           Power      Damage    Failure   Level
a - Summon Small Mammal   Summ           72%        N/A       2%          1
b - Call Imp              Summ           36%        N/A       4%          2
c - Call Canine Familiar  Summ           18%        N/A       9%          3

Your spell library contained the following spells:

 Spells                   Type           Power      Damage    Failure   Level
 Summon Guardian Golem    Hex/Summ       10%        N/A       21%         3
 Summon Lightning Spire   Summ/Air       10%        N/A       56%         4


Dungeon Overview and Level Annotations

Branches:
Dungeon (3/15)

Altars:
Nemelex Xobeh

Annotations:
D:3 Grinder


Innate Abilities, Weirdness & Mutations

You have sharp claws.
You have razor-sharp teeth.
You have supernaturally acute eyesight. (SInv)
You cover ground quickly. (Speed+)
You are covered in fur. (AC +1)
Your paws help you pounce on unaware monsters.
You are incapable of wielding weapons or throwing items.
You cannot wear armour.
You gain extra lives every three experience levels.


Message History

You scratch the hobgoblin but do no damage.
The hobgoblin is heavily wounded.
Your hound barely misses the hobgoblin.
The adder closely misses your quokka. The hobgoblin closely misses you.
Your quokka bites the hobgoblin.
Your hound bites the hobgoblin.
The hobgoblin dies!
The adder barely misses your quokka.
Your hound bites Grinder.
Your quokka bites the adder.
Your cerulean imp hits the adder from afar with a -3 spear.
The adder bites your quokka but does no damage.
You aren't carrying any items that you can evoke.
You don't have enough magic to cast this spell.
Okay, then.
Your hound bites Grinder but does no damage.
Your quokka closely misses the adder.
The adder closely misses your quokka.
Your cerulean imp misses the adder.
You scratch Grinder. You bite Grinder, but do no damage.
Grinder is lightly wounded.
Your quokka misses the adder. The adder bites your quokka.
Grinder gestures at you. Pain shoots through your body!
Ouch! That really hurt!
* * * LOW HITPOINT WARNING * * *
Your hound barely misses Grinder.
Your cerulean imp barely misses the adder.
You scratch Grinder.
Grinder is lightly wounded.
The adder closely misses your quokka.
Your quokka bites the adder.
Your hound bites Grinder but does no damage.
Grinder says, "There's only one good use for a tongue: cutting it out."
Grinder misses you.
Your cerulean imp barely misses the adder.
You closely miss Grinder.
Grinder is lightly wounded.
Your hound bites Grinder.
The adder bites your quokka.
Your quokka dies!
Your quokka's corpse disappears in a puff of smoke!
Grinder hits you!
Ouch! That really hurt!
You die...

#### #.#
#.........#
>.#
####.#.##.#
.## #.#.#
#.#.# ##.#.#
#....# #..###
#..# # #.@# #
#55# #
#..!..§h......
#
#####..S.<..##
# #...##### #
###.# #### .#
...# .# ##.#
.#


You could see Grinder (ally target), an adder (distracted, ally target), a
friendly hound (summoned) and a friendly cerulean imp (summoned).

Vanquished Creatures
  An endoplasm (D:2)
  3 hobgoblins
  A kobold (D:2)
  A quokka (D:1)
  A ball python (D:2)
  5 bats
  A rat (D:1)
13 creatures vanquished.

Vanquished Creatures (collateral kills)
  An adder (D:2)
  3 dart slugs
  3 ball pythons
  2 giant cockroaches
  4 goblins
  6 hobgoblins
  5 quokkas
  2 frilled lizards
  2 kobolds (D:1)
  2 rats
30 creatures vanquished.

Grand Total: 43 creatures vanquished

Notes
Turn   | Place    | Note
-------+----------+-------------------------------------------
     0 | D:1      | porpoise the Felid Summoner began the quest for the Orb.
     0 | D:1      | Reached XP level 1. HP: 7/7 MP: 4/4
   364 | D:1      | Reached XP level 2. HP: 11/11 MP: 3/6
   693 | D:1      | Found a faded altar of an unknown god.
  1090 | D:2      | Reached XP level 3. HP: 12/14 MP: 3/7
  1093 | D:2      | Learned a level 2 spell: Call Imp
  1097 | D:2      | Learned a level 3 spell: Call Canine Familiar
  1948 | D:3      | Found a sparkling altar of Nemelex Xobeh.
  2200 | D:3      | Noticed Grinder
  2208 | D:3      | Slain by Grinder

Illustrated notes

Levels and vault maps discovered:
D:1:      dpeg_arrival_rooms_c, layout_basic, hellmonk_ecumenical_altar_zigzags
D:2:      layout_basic, hangedman_decor_peaks_small, minmay_pentomino_z2
D:3:      layout_loops_ring, nicolae_wu_jian_wuxing_cycle,
          nemelex_diamond_rough_becter, uniq_grinder

Skill      XL: |  1 |
---------------+----+-----
Stealth        | 3 |  3.8
Dodging        | 3 |  3.5
Spellcasting   | |  2.5
Summonings     | |  4.4

Action                     || total
---------------------------++-------
  Melee: Unarmed           ||    65
         Bite              ||    10
         Punch             ||     1
   Cast: Summon Small Mamm ||    59
         Call Imp          ||     3
         Call Canine Famil ||     1
    Use: Scroll            ||     1
   Stab: Sleeping          ||     1
 Armour: Skin              ||     6
  Dodge: Dodged            ||    69
